 Dungeon Crawl Stone Soup version 0.18-b1-2-gd0c887e (webtiles) character file.

639 RudyRod the Firebug (level 7, -9/52 HPs)
             Began as a Demonspawn Fire Elementalist on Apr 28, 2016.
             Was a Follower of Kikubaaqudgha.
             Mangled by a gnoll
             ... wielding a +0 halberd
              (16 damage)
             ... on level 5 of the Dungeon.
             The game lasted 00:36:52 (4146 turns).

RudyRod the Firebug (Demonspawn Fire Elementalist)  Turns: 4146, Time: 00:36:53

Health: -9/52      AC:  7    Str:  8    XL:     7   Next: 26%
Magic:  0/12       EV: 12    Int: 18    God:    Kikubaaqudgha [*.....]
Gold:   78         SH:  0    Dex: 10    Spells: 4 memorised, 6 levels left

rFire  . . .     SeeInvis .     e - +1 mace
rCold  . . .     Gourm    .     s - +2 leather armour {MR+}
rNeg   . . .     Faith    .     (no shield)
rPois  .         Spirit   +     (no helmet)
rElec  .         Dismiss  .     (no cloak)
rCorr  .         Reflect  .     (no gloves)
SustAt .         Harm     .     (no boots)
MR     +....     Rnd*Tele +     (no amulet)
Stlth  ++........               (no ring)
                                (no ring)

@: very slightly contaminated, somewhat resistant to hostile enchantments,
unstealthy
A: rugged brown scales 2, clumsy 2, teleportitis 1, magic shield, magic
regeneration
a: Receive Corpses, Renounce Religion


You were on level 5 of the Dungeon.
You worshipped Kikubaaqudgha.
Kikubaaqudgha was aware of your devotion.
You were not hungry.

You visited 1 branch of the dungeon, and saw 4 of its levels.

You collected 78 gold pieces.

Inventory:

Hand Weapons
 e - a +1 mace (weapon)
 m - a +0 falchion
Armour
 a - a +1 robe
 f - a +0 ring mail
 h - a +0 robe
 i - a +0 robe
 o - a +0 leather armour
 p - a +0 robe
 s - a +2 leather armour of magic resistance (worn)
Magical Staves
 t - an uncursed staff of poison {unknown}
Jewellery
 v - a +4 ring of dexterity {unknown}
Scrolls
 n - 2 scrolls of identify
Potions
 d - a potion of cure mutation {unknown}
Books
 b - a book of Flames

   Spells                             Type                      Level
   a - Flame Tongue                   Conjuration/Fire             1
   b - Throw Flame                    Conjuration/Fire             2
   c - Conjure Flame                  Conjuration/Fire             3
   d - Inner Flame                    Hexes/Fire                   3
   e - Sticky Flame                   Conjuration/Fire             4
   f - Fireball                       Conjuration/Fire             5
 l - Kikubaaqudgha's Disquisition on Evil
   (Kikubaaqudgha gifted it to you on level 4 of the Dungeon)

   Spells                             Type                      Level
   a - Animate Skeleton               Necromancy                   1
   b - Corpse Rot                     Necromancy                   2
   c - Sublimation of Blood           Necromancy                   2
   d - Regeneration                   Charms/Necromancy            3
   e - Control Undead                 Necromancy                   4
 u - a book of Dreams

   Spells                             Type                      Level
   a - Ensorcelled Hibernation        Hexes/Ice                    2
   b - Silence                        Hexes/Air                    5
   c - Darkness                       Hexes                        6
   d - Shadow Creatures               Summoning                    6
Comestibles
 c - a bread ration
 g - 4 fruits
 q - 4 chunks of flesh


   Skills:
 + Level 2.1 Fighting
 + Level 1.4 Maces & Flails
 + Level 2.1 Armour
 + Level 2.9 Dodging
 + Level 2.5 Stealth
 + Level 3.4 Spellcasting
 + Level 3.2 Conjurations
 + Level 4.3 Fire Magic


You had 6 spell levels left.
You knew the following spells:

 Your Spells              Type           Power        Failure   Level  Hunger
a - Flame Tongue          Conj/Fire      ###..        6%          1    None
b - Throw Flame           Conj/Fire      ###...       10%         2    ##.....
c - Animate Skeleton      Necr           N/A          24%         1    None
d - Sublimation of Blood  Necr           #.........   38%         2    ##.....


Dungeon Overview and Level Annotations

Branches:
Dungeon (5/15)
 Temple: D:4-7

Altars:
Elyvilon
Kikubaaqudgha
Makhleb
Okawaru
Ru


Innate Abilities, Weirdness & Mutations

You are mostly covered in rugged brown scales (AC +2, +5% HP).
When hurt, damage is shared between your health and your magic reserves.
You regenerate magic rapidly.
You are very clumsy. (Dex -4)
You are occasionally teleported next to monsters.


Message History

As you read the scroll labeled XIAR VAMIEW, it crumbles to dust.
It is a scroll of enchant weapon.
Enchant which weapon? (? for menu, Esc to quit)
Your +0 mace glows red for a moment.
The gnoll hits you from afar with a halberd.
* * * LOW HITPOINT WARNING * * *
Casting: Flame Tongue
Confirm with . or Enter, or press ? or * to list all spells.
Aiming: Flame Tongue
Press: ? - help, Shift-Dir - straight line, f - orc
Aim: an orc, wielding a mace and wearing a ring mail (purple smoke, heavily wounded)
The flame tongue hits the orc.
The orc appears unharmed.
The orc is heavily wounded.
The orc barely misses you.
You hit the orc.
You kill the orc!
Kikubaaqudgha accepts your kill.
The gnoll hits you from afar with a halberd!
You die...
Kikubaaqudgha rasps: "You have failed me!
Welcome... death!"

. .# #### ..#
##<.##..##).
#.......o..$
#.g.g...##..
#######..##..#
...##§§#§g#.(###+#
..!...§@#.[g..#
.....§§§#g....#
...##§§##....## .
#.. ###### ...
+... ###+


You could see a gnoll.

Vanquished Creatures
  A water moccasin (D:4)
  A phantom (D:4)
  3 centaur skeletons (D:4)
  3 iron imps (D:4)
  An orc priest (D:5)
  3 worker ants (D:4)
  An iguana (D:4)
  2 hound skeletons
  A gnoll (D:5)
  4 adders
  3 river rats (D:4)
  4 dart slugs
  6 orcs
  2 giant cockroaches (D:4)
  4 goblins
  5 hobgoblins
  8 jackals
  4 ball pythons
  A giant newt (D:4)
  A kobold (D:1)
  2 rats (D:4)
  A fungus (D:1)
61 creatures vanquished.

Notes
Turn   | Place    | Note
--------------------------------------------------------------
     0 | D:1      | RudyRod the Demonspawn Fire Elementalist began the quest for the Orb.
     0 | D:1      | Reached XP level 1. HP: 13/13 MP: 3/3
   617 | D:1      | Gained mutation: When hurt, damage is shared between your health and your magic reserves. [demonic ancestry]
   617 | D:1      | Reached XP level 2. HP: 6/19 MP: 0/5
  1041 | D:1      | Reached skill level 3 in Fire Magic
  1585 | D:2      | Gained mutation: You are partially covered in rugged brown scales (AC +1, +3% HP). [demonic ancestry]
  1585 | D:2      | Reached XP level 3. HP: 15/24 MP: 2/6
  1614 | D:2      | Found an ancient bone altar of Kikubaaqudgha.
  1622 | D:2      | Became a worshipper of Kikubaaqudgha
  1677 | D:2      | You fall through a shaft for 2 floors!
  1961 | D:4      | Found a white marble altar of Elyvilon.
  1965 | D:4      | Gained mutation: You regenerate magic rapidly. [demonic ancestry]
  1965 | D:4      | Reached XP level 4. HP: 14/31 MP: 0/7
  2038 | D:4      | Learned a level 2 spell: Throw Flame
  2047 | D:4      | Found an iron altar of Okawaru.
  2085 | D:4      | Gained mutation: You are clumsy. (Dex -2) [potion of mutation]
  2085 | D:4      | Gained mutation: You are occasionally teleported next to monsters. [potion of mutation]
  2085 | D:4      | Gained mutation: You are very clumsy. (Dex -4) [potion of mutation]
  2411 | D:4      | Found a sacrificial altar of Ru.
  2525 | D:4      | Gained mutation: You are mostly covered in rugged brown scales (AC +2, +5% HP). [demonic ancestry]
  2525 | D:4      | Reached XP level 5. HP: 31/37 MP: 3/9
  2656 | D:4      | Reached skill level 1 in Fighting
  2959 | D:4      | Found a burning altar of Makhleb.
  3007 | D:4      | Reached skill level 1 in Armour
  3020 | D:4      | Reached XP level 6. HP: 23/45 MP: 6/10
  3029 | D:4      | Reached skill level 1 in Maces & Flails
  3426 | D:4      | Noticed a water moccasin
  3441 | D:4      | Reached * piety under Kikubaaqudgha
  3441 | D:4      | Received a gift from Kikubaaqudgha
  3515 | D:4      | Identified Kikubaaqudgha's Disquisition on Evil (Kikubaaqudgha gifted it to you on level 4 of the Dungeon)
  3519 | D:4      | Learned a level 1 spell: Animate Skeleton
  3522 | D:4      | Learned a level 2 spell: Sublimation of Blood
  3543 | D:4      | Killed a water moccasin
  3543 | D:4      | Reached skill level 4 in Fire Magic
  3846 | D:4      | Reached XP level 7. HP: 21/52 MP: 1/12
  4093 | D:5      | Entered Level 5 of the Dungeon
  4146 | D:5      | Mangled by a gnoll

Skill      XL: |  1  2  3  4  5  6  7 |
---------------+----------------------+-----
Dodging        | 2 |  2.9
Fire Magic     | 3 4 |  4.3
Stealth        | 2 |  2.5
Conjurations   | 2 3 |  3.2
Fighting       | 1 2 |  2.1
Armour         | 1 2 |  2.1
Maces & Flails | 1 |  1.4
Spellcasting   | 3 |  3.4

Action                   |  1- 3 |  4- 6 |  7- 9 || total
-------------------------+-------+-------+-------++-------
Melee: Mace              |    39 |    78 |    10 ||   127
 Cast: Flame Tongue      |    32 |    63 |    12 ||   107
       Throw Flame       |       |    24 |     8 ||    32
       Animate Skeleton  |       |     1 |     1 ||     2
  Use: Scroll            |     6 |     2 |     2 ||    10
       Potion            |     1 |     7 |       ||     8
  Eat: Chunk             |     3 |     8 |       ||    11
       Bread ration      |       |       |     1 ||     1
Armor: Robe              |     4 |     1 |       ||     5
       Ring mail         |     5 |       |       ||     5
       Leather armour    |       |    26 |     6 ||    32
Dodge: Dodged            |    43 |    61 |    19 ||   123
